Map: Acropolis LE

Players

Noobtoss - Winner!

  • Race: Protoss Protoss
  • Spawn Location: 11:00

PeLLy

  • Race: Zerg Zerg
  • League: Diamond
  • Spawn Location: 5:00

VOD

Have the link to the VOD?

Description

Time

  • Played on: July 30, 2019, 4:56 p.m.
  • Length: 7:45
Show
View Real Time Build Order
Export as new Build Order

Noobtoss Protoss - Winner!

Build Orders:  

Get SALT Encoding   

  12  0:00  Probe  
  13  0:13  Probe  
  14  0:20  Pylon  
  14  0:25  Probe  
  15  0:37  Probe  
  15  0:38  Gateway  
  16  0:45  Probe  
  17  0:55  Assimilator, Probe  
  18  1:08  Gateway  
  18  1:10  Probe  
  19  1:22  Probe  
  20  1:34  Probe  
  20  1:35  Cybernetics Core  
  21  1:44  Pylon  
  21  1:47  Probe  
  21  1:50  Assimilator  
  22  2:02  Probe  
  23  2:10  Warp Gate  
  23  2:15  Pylon, Probe  
  24  2:19  Stalker x2  
  28  2:27  Probe  
  29  2:39  Probe  
  30  2:49  Nexus  
  30  2:51  Stalker  
  32  2:59  Stalker  
  34  3:08  Probe  
  35  3:15  Robotics Facility  
  35  3:20  Probe  
  36  3:32  Probe  
  36  3:33  Pylon  
  36  3:58  Twilight Council  
  36  4:02  Gateway  
  36  4:03  Gateway  
  36  4:07  Gateway  
  36  4:09  Gateway  
  36  4:22  Probe x2  
  36  4:24  Immortal  
  36  4:30  Charge  
  40  4:31  Pylon  
  40  4:37  Gateway  
  40  4:42  Probe  
  40  4:43  Probe  
  42  4:54  Zealot  
  42  4:55  Warp Prism, Probe  
  45  5:02  Probe  
  48  5:07  Probe  
  49  5:14  Probe  
  50  5:21  Zealot  
  50  5:22  Zealot x2  
  50  5:23  Zealot  
  50  5:25  Zealot  
  60  5:28  Zealot  
  62  5:36  Probe  
  63  5:44  Probe  
  63  5:47  Pylon  
  63  5:48  Probe  
  63  5:49  Pylon  
  65  5:51  Zealot  
  67  5:58  Zealot  
  69  6:06  Zealot x4  
  69  6:08  Zealot  
  79  6:39  Zealot x2  
  81  6:40  Zealot x2  
  81  6:41  Zealot  
  81  6:45  Pylon, Zealot x2  
  81  6:46  Pylon  
  75  7:00  Zealot x2  
  75  7:01  Zealot  
  71  7:13  Zealot x4  
  71  7:37  Zealot x4  
  71  7:38  Zealot  
  71  7:43  Pylon  
Show
View Real Time Build Order
Export as new Build Order

PeLLy Zerg 

Build Orders: Hatch First 

Get SALT Encoding   

  12  0:00  Drone  
  13  0:12  Overlord  
  13  0:20  Drone  
  14  0:30  Drone  
  14  0:31  Drone  
  14  0:35  Drone  
  17  0:50  Drone  
  18  0:58  Hatchery  
  17  1:12  Drone, Spawning Pool  
  17  1:21  Drone  
  17  1:22  Drone  
  19  1:29  Overlord  
  19  1:44  Drone  
  20  1:58  Queen  
  20  2:01  Zergling x4  
  24  2:10  Drone  
  24  2:12  Drone  
  26  2:20  Hatchery  
  25  2:26  Drone  
  25  2:27  Drone  
  27  2:40  Drone x2  
  29  2:45  Drone x2, Extractor  
  30  2:54  Drone x2  
  32  3:04  Queen  
  35  3:27  Drone x2, Overlord x2  
  35  3:43  Zergling x8  
  35  3:44  Queen  
  35  3:47  Drone x4  
  35  3:48  Drone x2  
  47  4:25  Drone x3  
  50  4:34  Lair  
  50  4:36  Extractor  
  49  4:41  Lair  
  49  5:01  Drone  
  49  5:02  Overlord x2  
  49  5:06  Extractor  
  49  5:09  Queen  
  49  5:10  Evolution Chamber  
  49  5:11  Evolution Chamber  
  49  5:15  Roach Warren  
  48  5:22  Drone  
  48  5:23  Drone x5  
  54  5:31  Drone x4  
  58  5:41  Spine Crawler  
  58  5:42  Spine Crawler  
  56  5:54  Roach x5, Spine Crawler  
  56  5:56  Glial Reconstitution  
  65  5:57  Overlord x2  
  65  6:04  Baneling Nest  
  65  6:06  Metabolic Boost  
  64  6:14  Roach  
  59  6:27  Roach  
  59  6:28  Roach x8  
  71  6:43  Roach  
  71  6:44  Roach x4  
  79  6:51  Roach  
  79  6:52  Roach x2  
  79  6:54  Zergling x2  
  56  7:09  Roach x5  
  56  7:14  Roach  
Tags
 
League
Diamond
Matchup
PvZ
Spawn Locations
Cross Positions
Add a new tag
Caveats
  • Supply blocks, unpowered buildings, or Contaminate may cause inaccurate times.
  • Supply counts are checked every 10 seconds.